 Dungeon Crawl Stone Soup version 0.30-a0-374-g95c0257040 (webtiles) character file.

Game seed: 14956630610094021999

765 Bnni the Spear-Bearer (level 8, -2/61 HPs)
             Began as a Formicid Fighter on Nov 26, 2022.
             Slain by Duvessa
             ... wielding a +0 short sword
              (5 damage)
             ... on level 4 of the Dungeon.
             The game lasted 00:06:54 (3161 turns).

Bnni the Spear-Bearer (Formicid Fighter)            Turns: 3161, Time: 00:06:55

Health: -2/61      AC: 10    Str: 24    XL:     8   Next: 8%
Magic:  9/9        EV:  7    Int:  7    God:
Gold:   170        SH:  5    Dex: 13    Spells: 7/7 levels left

rFire   . . .      SeeInvis +    s - +0 halberd
rCold   . . .      Faith    .    c - +0 buckler
rNeg    . . .      Spirit   .    g - +0 chain mail
rPois   .          Reflect  .    (helmet unavailable)
rElec   .          Harm     .    (no cloak)
rCorr   .          Rampage  .    (no gloves)
Will    .....                    e - +0 pair of boots
Stlth   ..........               (no amulet)
HPRegen 0.30/turn                (no ring)
MPRegen 0.11/turn                (no ring)

@: mighty
A: permanent stasis, dig shafts and tunnels, antennae 3, four strong arms
a: Dig, Shaft Self


You were on level 4 of the Dungeon.
You visited 1 branch of the dungeon, and saw 4 of its levels.
You also visited: Sewer and Ossuary.

You collected 170 gold pieces.

Inventory:

Hand Weapons
 a - a +0 trident
 l - a +0 broad axe
 s - a +0 halberd (weapon)
Armour
 b - a +0 scale mail
 c - a +0 buckler (worn)
 e - a +0 pair of boots (worn)
 g - a +0 chain mail (worn)
Scrolls
 f - 2 scrolls of teleportation {unknown}
 h - 2 scrolls of magic mapping {unknown}
 j - a scroll of butterflies {unknown}
 k - 2 scrolls of fear {unknown}
 m - a scroll of immolation
 o - a scroll of poison {unknown}
 p - 4 scrolls of enchant weapon {unknown}
 q - 3 scrolls of enchant armour
 t - a scroll of acquirement {unknown}
Potions
 d - 2 potions of might
 i - a potion of ambrosia
 n - 2 potions of mutation {unknown}
 r - 2 potions of flight {unknown}
 u - a potion of heal wounds {unknown}
 v - a potion of invisibility {unknown}


   Skills:
 + Level 4.8 Fighting
 * Level 11.6 Polearms
 - Level 3.2 Armour
 - Level 5.0 Shields
 + Level 1.9 Invocations


You had 7 spell levels left.
You didn't know any spells.
Your spell library contained the following spells:

 Spells                   Type           Power      Damage    Failure   Level
 Magic Dart               Conj           0%         1d3       99%         1
 Searing Ray              Conj           0%         2d4       99%         2
 Fulminant Prism          Conj/Hex       0%         3d5       100%        4


Dungeon Overview and Level Annotations

Branches:
Dungeon (4/15)              Sewer (visited)         Ossuary (visited)
 Temple: D:4-7

Altars:
Dithmenos
Okawaru

Annotations:
D:4 Duvessa


Innate Abilities, Weirdness & Mutations

You cannot be hasted, slowed, berserked, paralysed or teleported.
You can dig through walls and to a lower floor.
You have a pair of large antennae on your head. (SInv)
Your four strong arms can wield two-handed weapons with a shield.


Message History

The gnoll bouda hits you but does no damage.
The gnoll hits you from afar with a +0 spear.
You slash the gnoll bouda!
You kill the gnoll bouda!
The gnoll hits you but does no damage.
You reach to attack!
You slash the gnoll!
You kill the gnoll!
No target in view!
Items here: )))) [[ ††.
Okay, then.
You see here a +0 spear.
Things that are here:
a +0 flail; a +0 flail; a gnoll corpse HP restored.
A necrophage comes into view.
Duvessa goes berserk!
Duvessa hits you with a +0 short sword!
You slash Duvessa!
Duvessa is lightly wounded.
Duvessa hits you with a +0 short sword!
You hit Duvessa.
Duvessa is moderately wounded.
Duvessa hits you with a +0 short sword.
You feel very mighty all of a sudden. Duvessa hits you with a +0 short sword!
Duvessa barely misses you.
You impale Duvessa!!
Duvessa is severely wounded.
Duvessa hits you with a +0 short sword.
* * * LOW HITPOINT WARNING * * *
You barely miss Duvessa.
Duvessa is severely wounded.
Duvessa hits you with a +0 short sword.
* * * LOW HITPOINT WARNING * * *
Duvessa hits you with a +0 short sword!
* * * LOW HITPOINT WARNING * * *
Unknown command.
Okay, then.
You hit Duvessa.
Duvessa is severely wounded.
Duvessa hits you with a +0 short sword.
You die...

#..#.##.........
.#...........##.# ≈
.#.......))..##.#
≈≈###..#..##.##)###.###
≈....#..##.##.##.....
....#............###
#..#.###.##......<#
#e#.# #.##..#.##..
#@..# #.##..#.####
#n#.# #.##........
#..#.# #.###.#.###.
......# #.# #.#.# #.
#.####### #.###.#.# #.
n. #.##....###. .#
#.#.#.#.....
#....)......
###.#.#.#..#


You could see Duvessa (berserk) and a necrophage.

Vanquished Creatures
  A water moccasin (Sewer)
  Dowan (D:4)
  2 centaur zombies (Ossuary)
  An orc priest (D:3)
  A gnoll bouda (D:4)
  A jelly (D:3)
  Natasha (twice) (D:4)
  2 orc wizards (D:3)
  5 mummies (Ossuary)
  5 gnolls (D:4)
  6 adders (D:3)
  6 river rats (D:3)
  An ufetubus (D:4)
  2 worms (D:3)
  8 orcs (D:3)
  4 endoplasms
  A giant cockroach (D:3)
  7 goblins
  7 hobgoblins
  4 jackals
  A quokka (D:2)
  12 ball pythons
  4 bats
  6 frilled lizards
  3 hobgoblin zombies (Ossuary)
  8 kobolds
  8 rats
109 creatures vanquished.

Notes
Turn   | Place    | Note
-------+----------+-------------------------------------------
     0 | D:1      | Bnni the Formicid Fighter began the quest for the Orb.
     0 | D:1      | Reached XP level 1. HP: 18/18 MP: 1/1
    91 | D:1      | Reached XP level 2. HP: 24/24 MP: 2/2
   343 | D:1      | Reached XP level 3. HP: 29/29 MP: 3/3
  1057 | D:2      | Reached skill level 10 in Polearms
  1057 | D:2      | Reached XP level 4. HP: 37/37 MP: 4/4
  1073 | D:3      | Found a faded altar of an unknown god.
  1116 | D:3      | Reached XP level 5. HP: 30/42 MP: 5/5
  1297 | D:3      | Reached skill level 5 in Shields
  1305 | D:3      | Reached skill level 11 in Polearms
  1399 | D:3      | Reached XP level 6. HP: 42/48 MP: 6/6
  1425 | D:3      | Found a glowing drain.
  1479 | Sewer    | Entered a sewer
  1530 | Sewer    | Noticed a water moccasin
  1539 | Sewer    | Killed a water moccasin
  1716 | D:3      | Reached XP level 7. HP: 46/55 MP: 7/7
  2468 | D:4      | Found an iron altar of Okawaru.
  2491 | D:4      | Noticed Natasha
  2497 | D:4      | Killed Natasha
  2588 | D:4      | Noticed Dowan
  2589 | D:4      | Found a shadowy altar of Dithmenos.
  2598 | D:4      | Noticed Natasha
  2599 | D:4      | Killed Dowan
  2600 | D:4      | Reached skill level 1 in Invocations
  2607 | D:4      | Killed Natasha
  2731 | D:4      | Noticed Duvessa
  2739 | D:4      | Found a sand-covered staircase.
  2744 | Ossuary  | Entered an ossuary
  3089 | D:4      | Reached XP level 8. HP: 55/61 MP: 9/9
  3160 | D:4      | HP: 3/61 [Duvessa/+0 short sword (10)]
  3161 | D:4      | Slain by Duvessa

Illustrated notes

Levels and vault maps discovered:
D:1:      evilmike_arrival_crescent, layout_rooms, minivault_14,
          chequers_serial_rivers_micro_b
D:2:      layout_rooms, chequers_garden, minmay_splitting_lines
D:3:      layout_loops_ring, dreamdust_ecumenical_altar_statues,
          lightli_sewer_entry_pipes
D:4:      layout_loops_ring, nicolae_dithmenos_shadow_blocks,
          okawaru_metal_pillars_1_2, enter_ossuary_2, serial_bayou_pond_d,
          fountainhead, kennysheep_generic_room_5, uniq_ijyb, uniq_duvessa,
          uniq_natasha

Skill      XL: |  1  2  3  4  5  6  7 |
---------------+----------------------+-----
Polearms       | 10 11 | 11.6
Shields        | 5 |  5.0
Fighting       | 4 |  4.8
Invocations    | 1 |  1.9
Armour         | |  3.2

Action                   |  1- 3 |  4- 6 |  7- 9 || total
-------------------------+-------+-------+-------++-------
Melee: Trident           |    67 |   155 |    83 ||   305
       Halberd           |       |       |    87 ||    87
  Use: Scroll            |     2 |     2 |     1 ||     5
       Potion            |     1 |     1 |     1 ||     3
Armor: Scale mail        |    19 |    24 |       ||    43
       Chain mail        |       |    13 |    54 ||    67
Dodge: Dodged            |    18 |    38 |    29 ||    85
Block: Buckler           |     9 |    19 |    32 ||    60

Table legend: (Time is in decaauts)
 A = Elapsed time spent in this place.
 B = Non-inter-level travel time spent in this place.
 C = Inter-level travel time spent in this place.
 D = Time resting spent in this place.
 E = Time spent auto-exploring this place.
 F = Levels seen in this place.
 G = Mean time per level.
                   A        B        C        D        E       F      G
               +--------+--------+--------+--------+--------+-----+--------+
         Total |   3159 |   3053 |    106 |    390 |   1895 |   6 |  526.5 |
       Dungeon |   2732 |   2626 |    106 |    207 |   1782 |   4 |  683.0 |
         Sewer |    167 |    167 |      0 |     42 |     52 |   1 |  167.0 |
       Ossuary |    259 |    259 |      0 |    141 |     61 |   1 |  259.0 |
               +--------+--------+--------+--------+--------+-----+--------+

Top non-repeatable levels by time:
     D:3: 1091 daAuts
     D:2: 681 daAuts
     D:1: 521 daAuts
     D:4: 437 daAuts
 Ossuary: 259 daAuts
   Sewer: 167 daAuts
